 Dungeon Crawl Stone Soup version 0.32-a0-656-g3542139ebd (webtiles) character file.

Game seed: 7502587173019015113

200 ytrimaz the Grave Robber (level 5, -2/38 HPs)
             Began as a Demigod Necromancer on Mar 8, 2024.
             Incinerated by a bombardier beetle (6 damage)
             ... with a burning spray
             ... on level 3 of the Dungeon.
             The game lasted 00:03:16 (3141 turns).

ytrimaz the Grave Robber (Demigod Necromancer)      Turns: 3141, Time: 00:03:17

Health: -2/38      AC:  5    Str: 12    XL:     5   Next: 24%
Magic:  1/13       EV: 12    Int: 21    God:
Gold:   76         SH:  0    Dex: 14    Spells: 7/11 levels left

rFire   . . .        n - +9 hammer "Spiderbane" {pain, rElec rC+ Will- Str+3}
rCold   + . .        (no shield)
rNeg    . . .        a - +0 robe
rPois   .            d - +0 helmet
rElec   +            l - +0 cloak
rCorr   .            p - +0 pair of gloves
SInv    .            (no boots)
Will    .....        (no amulet)
Stlth   +            (no ring)
HPRegen 0.26/turn    (no ring)
MPRegen 0.13/turn

%: no passive effects
@: on fire, glowing
A: high MP 1, forlorn, divine attributes
a: no special abilities


You were on level 3 of the Dungeon.
You visited 1 branch of the dungeon, and saw 3 of its levels.

You collected 76 gold pieces.


Innate Abilities, Weirdness & Mutations

You have an increased reservoir of magic. (+10% MP)
You shall have no god before yourself.
Your divine heritage dramatically boosts your attributes as you level up.


   Skills:
 - Level 1.7 Dodging
 - Level 1.7 Stealth
 + Level 3.6 Spellcasting
 + Level 5.1 Necromancy


You had 7 spell levels left.
You knew the following spells:

 Your Spells              Type           Power      Damage    Failure   Level
a - Necrotise             Necr           100%       1d9       1%          1
b - Vampiric Draining     Necr           25%        2d7       4%          3

Your spell library contained the following spells:

 Spells                   Type           Power      Damage    Failure   Level
 Animate Dead             Necr           25%        N/A       16%         4
 Curse of Agony           Necr           25%        N/A       38%         5

Inventory:

Hand Weapons
 m - the +4 hammer of Absolution {freeze, Int+3 Dex+3}
   (You found it on level 2 of the Dungeon)

   Int+3:     It affects your intelligence (+3).
   Dex+3:     It affects your dexterity (+3).
 n - the +9 hammer "Spiderbane" (weapon) {pain, rElec rC+ Will- Str+3}
   (You found it on level 2 of the Dungeon)

   Str+3:     It affects your strength (+3).
   rC+:       It protects you from cold.
   rElec:     It insulates you from electricity.
   Will-:     It decreases your willpower.
Armour
 a - a +0 robe (worn)
 d - a +0 helmet (worn)
   (You found it on level 1 of the Dungeon)
 l - a +0 cloak (worn)
   (You took it off Crazy Yiuf on level 2 of the Dungeon)
 p - a +0 pair of gloves (worn)
   (You found it on level 3 of the Dungeon)
Scrolls
 g - a scroll of poison {unknown}
 i - 2 scrolls of identify {unknown}
 j - a scroll of teleportation {unknown}
 k - a scroll of butterflies {unknown}
 o - a scroll of enchant weapon {unknown}
Potions
 b - 2 potions of magic
 c - 2 potions of mutation {unknown}
 e - 2 potions of degeneration {unknown}
 f - a potion of might {unknown}
 h - a potion of heal wounds {unknown}

Dungeon Overview and Level Annotations

Branches:
Dungeon (3/15) Zot: 14858

#(#.###........#..
#.....#............
#...#...#.##...
#.###..#..#.##..
#.......?.....
#####.#...#.#
#.......#
###.)†#...... #)@.#
####. #†..# #.....
........
......(....
..........?.
####.........
#..)######


There were no monsters in sight!


Message History

Your bat skeleton closely misses Jessica.
Your bat skeleton hits Jessica but does no damage.
Your bat skeleton misses Jessica.
Jessica hits your bat skeleton with a +0 dagger!
Your bat skeleton is destroyed!
Jessica writhes in agony!
The bombardier beetle sprays incendiary fluid at you.
The burning spray misses you. 😎 MP[-1]
You lost 1 mp, and now have 9/11 mp.
Unknown command.
Jessica barely resists.
A goblin comes into view. It is wielding a +0 dagger. 😎 MP[-1]
You lost 1 mp, and now have 8/11 mp.
Jessica barely resists.
Jessica casts a spell.
Jessica seems to speed up. 😎 MP[-1]
You lost 1 mp, and now have 7/11 mp.
Jessica writhes in agony!
You kill Jessica!
The dead are walking!
The bombardier beetle bites Jessica.
You have reached level 5! 😎 HP[+5] MP[-1]
You now have 38 max hp (+5).
Your hp is fully restored (38).
Jessica closely misses the bombardier beetle. 😎 MP[+1]
The bombardier beetle writhes in agony.
Jessica hits the bombardier beetle.
The goblin hits Jessica with a +0 dagger. 😎 MP[-1]
You lost 1 mp, and now have 6/13 mp.
The bombardier beetle writhes in agony.
The bombardier beetle sprays incendiary fluid at you.
The burning spray hits you.
You are covered in liquid fire!
Jessica hits the bombardier beetle but does no damage.
The goblin hits Jessica with a +0 dagger.
Jessica is destroyed! 😎 MP[-1]
You lost 1 mp, and now have 5/13 mp.
The bombardier beetle writhes in agony.
The liquid fire burns you! 😕 HP[-5] MP[-1]
You take 5 damage, and now have 33/38 hp.
You lost 1 mp, and now have 4/13 mp.
The bombardier beetle barely resists.
The liquid fire burns you! 😮 HP[-6] MP[-1]
You take 6 damage, and now have 27/38 hp.
You lost 1 mp, and now have 3/13 mp.
Unknown command.
You are too injured to fight recklessly!
Unknown command.
You barely miss the bombardier beetle. The liquid fire burns you!
The goblin hits you with a +0 dagger.
The bombardier beetle sprays incendiary fluid at you.
The burning spray hits you.
You are even more covered in liquid fire! 😮 HP[-7]
You take 7 damage, and now have 20/38 hp.
Casting: Necrotise (safe; 1% risk of failure)
Confirm with . or Enter, or press ? or * to list all spells.
Aiming: Vampiric Draining (dangerous; 4% risk of failure)
Press: ? - help, Shift-Dir - straight line, f/p - bombardier beetle
Aim: a bombardier beetle (heavily wounded)
You draw life force from the bombardier beetle!
You kill the bombardier beetle!
You feel life coursing into your body. The liquid fire burns you!
The goblin hits you with a +0 dagger.
* * * LOW HITPOINT WARNING * * *
Your Necromancy skill increases to level 5! 😨 HP[-2] MP[-3]
You take 2 damage, and now have 18/38 hp.
You lost 3 mp, and now have 0/13 mp.
You shake off some of the fire as you move.
The liquid fire burns you!
* * * LOW HITPOINT WARNING * * *
The goblin barely misses you.
You see here a bombardier beetle corpse. 😨 HP[-3] MP[+1]
You take 3 damage, and now have 15/38 hp.
You shake off some of the fire as you move.
The liquid fire burns you!
* * * LOW HITPOINT WARNING * * *
The goblin barely misses you. 😨 HP[-5]
You take 5 damage, and now have 10/38 hp.
You closely miss the goblin. The liquid fire burns you!
* * * LOW HITPOINT WARNING * * *
The goblin closely misses you. 😱 HP[-6]
You take 6 damage, and now have 4/38 hp.
You hit the goblin.
The goblin writhes in agony.
You kill the goblin!
The liquid fire burns you!
You die...

Skill      XL: |  1  2  3  4  5 |
---------------+----------------+-----
Spellcasting   | 2 3 |  3.6
Necromancy     | 4 5 |  5.1
Dodging        | |  1.7
Stealth        | |  1.7

Action                     |  1- 3 |  4- 6 || total
---------------------------+-------+-------++-------
  Melee: Unarmed           |    10 |       ||    10
         Mace              |       |     3 ||     3
   Cast: Necrotise         |    82 |    29 ||   111
         Vampiric Draining |     2 |     4 ||     6
    Use: Scroll            |     1 |       ||     1
 Armour: Robe              |    21 |    11 ||    32
  Dodge: Dodged            |    26 |    33 ||    59

Levels and vault maps discovered:
D:1:      amcnicky_arrival_underground_garden, layout_loops_corners
D:2:      layout_loops_corners, minmay_shallow_snake_nest,
          uniq_crazy_yiuf_cottage, uniq_robin
D:3:      layout_loops_cross, ebering_ecumenical_altar_abandoned,
          minmay_misc_feat_encased, uniq_jessica, uniq_natasha

Notes
Turn   | Place    | Note
-------+----------+-------------------------------------------
     0 | D:1      | ytrimaz the Demigod Necromancer began the quest for the
                  | Orb.
     0 | D:1      | Reached XP level 1. HP: 14/14 MP: 5/5
     0 | D:1      | magus.rc [v1.9.6]
   100 | D:1      | Reached skill level 2 in Spellcasting
   388 | D:1      | Reached XP level 2. HP: 20/20 MP: 3/7
   690 | D:1      | Reached skill level 4 in Necromancy
  1299 | D:2      | Identified the -2 helmet of Muerisiezu {rElec Regen+ Dex+2}
  1299 | D:2      | Noticed Robin
  1304 | D:2      | Reached XP level 3. HP: 23/26 MP: 2/9
  1322 | D:1      | Learned a level 3 spell: Vampiric Draining
  1612 | D:2      | Killed Robin
  1936 | D:2      | Found a runed translucent door.
  1937 | D:2      | Noticed Crazy Yiuf
  2398 | D:2      | Reached skill level 3 in Spellcasting
  2398 | D:2      | Reached XP level 4. HP: 33/33 MP: 9/11
  2754 | D:2      | Killed Crazy Yiuf
  2757 | D:2      | Identified the +4 hammer of Absolution {freeze, Int+3
                  | Dex+3}
  2759 | D:2      | Identified the +9 hammer "Spiderbane" {pain, rElec rC+
                  | Will- Str+3}
  3121 | D:3      | Noticed Jessica
  3129 | D:3      | Killed Jessica
  3130 | D:3      | Reached XP level 5. HP: 38/38 MP: 6/13
  3138 | D:3      | Reached skill level 5 in Necromancy
  3140 | D:3      | HP: 3/38 [burnt (7)]
  3141 | D:3      | Incinerated by a bombardier beetle

Vanquished Creatures
  A bombardier beetle (D:3)
  Crazy Yiuf (D:2)
  Jessica (D:3)
  Robin (D:2)
  3 adders
  A dart slug (D:1)
  A ribbon worm (D:2)
  5 ball pythons
  4 endoplasms
  2 giant cockroaches (D:1)
  6 hobgoblins
  3 jackals
  6 kobolds
  3 quokkas (D:1)
  5 bats
  3 frilled lizards
  10 goblins
  8 rats
64 creatures vanquished.

Vanquished Creatures (collateral kills)
  4 goblins (D:2)
  2 jackals
  A rat (D:3)
7 creatures vanquished.

Grand Total: 71 creatures vanquished

Table legend:
 A = Non-vault XP
 B = Vault XP
 C = Vault XP percentage of total XP
 D = Non-vault monster count
 E = Vault monster count
 F = Vault count percentage of total count
                 A         B        C        D         E       F
            +---------+---------+-------+---------+---------+-------
      Total |     155 |     134 |  46.4 |      53 |      18 |  25.4
            +---------+---------+-------+---------+---------+-------
        D:1 |      40 |       0 |   0.0 |      23 |       0 |   0.0
        D:2 |      40 |      97 |  70.8 |      18 |      17 |  48.6
        D:3 |      75 |      37 |  33.0 |      12 |       1 |   7.7
            +---------+---------+-------+---------+---------+-------

Skill      XL: |  1  2  3  4  5 |
---------------+----------------+-----
Spellcasting   | 2 3 |  3.6
Necromancy     | 4 5 |  5.1
Dodging        | |  1.7
Stealth        | |  1.7

Action                     |  1- 3 |  4- 6 || total
---------------------------+-------+-------++-------
  Melee: Unarmed           |    10 |       ||    10
         Mace              |       |     3 ||     3
   Cast: Necrotise         |    82 |    29 ||   111
         Vampiric Draining |     2 |     4 ||     6
    Use: Scroll            |     1 |       ||     1
 Armour: Robe              |    21 |    11 ||    32
  Dodge: Dodged            |    26 |    33 ||    59

Illustrated notes

Table legend:
 A = Kills in this place as a percentage of kills in the entire game.
 B = Kills by you in this place as a percentage of kills by you in the entire game.
 C = Kills by friends in this place as a percentage of kills by friends in the entire game.
 D = Other kills in this place as a percentage of other kills in the entire game.
 E = Experience gained in this place as a percentage of experience gained in the entire game.
 F = Experience gained in this place divided by the number of levels of this place that you have seen.
                   A       B       C       D       E      F
               +-------+-------+-------+-------+-------+----------------------
         Total | 100.0 | 100.0 | 100.0 |   N/A | 100.0 |  96.3
       Dungeon | 100.0 | 100.0 | 100.0 |   N/A | 100.0 |  96.3
               +-------+-------+-------+-------+-------+----------------------

Table legend: (Time is in decaauts)
 A = Elapsed time spent in this place.
 B = Non-inter-level travel time spent in this place.
 C = Inter-level travel time spent in this place.
 D = Time resting spent in this place.
 E = Time spent auto-exploring this place.
 F = Levels seen in this place.
 G = Mean time per level.
                   A        B        C        D        E       F      G
               +--------+--------+--------+--------+--------+-----+--------+
         Total |   3141 |   2925 |    216 |    166 |   2424 |   3 | 1047.0 |
       Dungeon |   3141 |   2925 |    216 |    166 |   2424 |   3 | 1047.0 |
               +--------+--------+--------+--------+--------+-----+--------+

Top non-repeatable levels by time:
     D:2: 1589 daAuts
     D:1: 1344 daAuts
     D:3: 207 daAuts
